 Dungeon Crawl Stone Soup version 0.25-a0-566-g062765be81 (webtiles) character file.

Game seed: 13366823867877806892, levelgen mode: deterministic

86 MisterFreud the Changer (level 4, -3/49 (52) HPs)
             Began as a Draconian Transmuter on Feb 27, 2020.
             Slain by Sigmund
             ... wielding a +0 scythe
              (10 damage)
             ... on level 3 of the Dungeon.
             The game lasted 00:04:08 (2199 turns).

MisterFreud the Changer (Draconian Transmuter)      Turns: 2199, Time: 00:04:08

HP:   -3/49 (52)    AC:  5    Str: 13    XL:     4   Next: 26%
MP:   8/8           EV: 12    Int: 14    God:
Gold: 105           SH:  0    Dex: 11    Spells: 2/8 levels left

rFire    . . .     SeeInvis .     - Unarmed
rCold    . . .     Gourm    .   (no shield)
rNeg     . . .     Faith    .   (armour unavailable)
rPois    .         Spirit   .   (helmet restricted)
rElec    .         Reflect  .   (no cloak)
rCorr    .         Harm     .   (no gloves)
MR       .....                  (no boots)
Stlth    ..........             g - amulet of magic regeneration
HPRegen  0.16/turn              f - ring of attention (curse)
MPRegen  0.36/turn              (no ring)

@: confused, berserking, very slightly contaminated, very quick
A: unfitting armour, cold-blooded, AC +5
a: no special abilities


You were on level 3 of the Dungeon.
You were not hungry.

You visited 1 branch of the dungeon, and saw 3 of its levels.

You collected 105 gold pieces.

Inventory:

Missiles
 a - 34 arrows
Jewellery
 f - a cursed ring of attention (left hand)
 g - an amulet of magic regeneration (around neck)
 n - a +2 ring of evasion {unknown}
Scrolls
 d - 2 scrolls of magic mapping {unknown}
 e - a scroll of blinking {unknown}
 h - a scroll of fog {unknown}
 i - 2 scrolls of identify {unknown}
 j - a scroll of teleportation {unknown}
 l - a scroll of enchant armour {unknown}
 m - a scroll of remove curse {unknown}
Potions
 b - a potion of stabbing {unknown}
 k - a potion of curing {unknown}
 o - a potion of berserk rage
Comestibles
 c - 11 rations


   Skills:
 - Level 1.1 Fighting
 - Level 1.7 Dodging
 - Level 3.0 Unarmed Combat
 + Level 2.9 Spellcasting
 * Level 3.9 Transmutations


You had 2 spell levels left.
You knew the following spells:

 Your Spells              Type           Power        Failure   Level  Hunger
a - Beastly Appendage     Tmut           ##....       4%          1    #......
b - Sticks to Snakes      Tmut           ##......     6%          2    ##.....
c - Spider Form           Tmut/Pois      #.........   28%         3    ###....

Your spell library contained the following spells:

 Spells                   Type           Power        Failure   Level  Hunger
 Ice Form                 Ice/Tmut       #.......     67%         4    #####..
 Blade Hands              Tmut           ##........   75%         5    ######.


Dungeon Overview and Level Annotations

Branches:
Dungeon (3/15)

Altars:
Xom

Annotations:
D:3 Ijyb, Sigmund


Innate Abilities, Weirdness & Mutations

Your plain brown scales are hard. (AC +5)
You cannot fit into any form of body armour.
You are cold-blooded and may be slowed by cold attacks.


Message History

You hear some strange, mumbled words.
Something tries to affect you, but you resist.
You closely miss something. Something barely misses you.
You hit something but do no damage. You hit something.
Ijyb the Twisted Goblin comes into view.
She is wielding a +0 club and carrying a wand of disintegration (14).
Something hits you. Something closely misses you.
You see here 18 sling bullets.
Your transformation has ended.
You are confused.
You're too confused to move!
Something hits you!
* * * LOW HITPOINT WARNING * * *
You bump into the rock wall.
Something hits you but does no damage.
It was a potion of berserk rage.
A red film seems to cover your vision as you go berserk!
You feel yourself moving faster!
You feel mighty!
You feel a strong urge to attack something.
Something hits you!
You die...

#....|..........
... .
####............
#)......#####
#.......#
#.##.#### #.##.#
#.##.#
#.##.#######
#.##...@...#
#......###>#
######.# .# #(#
.# #.# .#
#####.# .#
#.....# .#
#...#### .#
.g...


There were no monsters in sight!

Vanquished Creatures
  Terence (D:2)
  An adder (D:3)
  A leopard gecko (D:1)
  An orc (D:3)
  7 giant cockroaches
  6 goblins
  6 hobgoblins
  2 jackals (D:1)
  A quokka (D:2)
  A ball python (D:2)
  6 bats
  A frilled lizard (D:1)
  5 kobolds
  5 rats
44 creatures vanquished.

Notes
Turn   | Place    | Note
-------+----------+-------------------------------------------
     0 | D:1      | MisterFreud the Draconian Transmuter began the quest for
                  | the Orb.
     0 | D:1      | Reached XP level 1. HP: 16/16 MP: 3/3
    84 | D:1      | Reached XP level 2. HP: 17/23 MP: 3/5
   125 | D:1      | Learned a level 2 spell: Sticks to Snakes
   439 | D:1      | Reached XP level 3. HP: 9/28 MP: 6/6
   887 | D:2      | Learned a level 3 spell: Spider Form
  1002 | D:2      | Noticed a necrophage
  1424 | D:2      | Noticed Terence
  1440 | D:2      | Killed Terence
  1440 | D:2      | Reached XP level 4. HP: 15/33 MP: 6/8
  1622 | D:2      | Found a shimmering altar of Xom.
  2167 | D:3      | Noticed Sigmund
  2186 | D:3      | Noticed Ijyb
  2199 | D:3      | Slain by Sigmund

Levels and vault maps discovered:
D:1:      lightli_molten_gateway, layout_rooms
D:2:      layout_basic, overflow_temple_1_default,
          lemuel_coloured_pillars_altar, uniq_terence
D:3:      layout_loops_ring, okawaru_metal_pillars_1_2, chequers_jeans,
          uniq_natasha, uniq_sigmund, uniq_ijyb

Skill      XL: |  1  2 |
---------------+-------+-----
Transmutations | 3 |  3.9
Fighting       | |  1.1
Dodging        | |  1.7
Unarmed Combat | |  3.0
Spellcasting   | |  2.9

Action                   |  1- 3 |  4- 6 || total
-------------------------+-------+-------++-------
Melee: Unarmed           |   129 |    32 ||   161
       Kick              |     8 |       ||     8
       Tailslap          |     8 |     2 ||    10
       Headbutt          |     4 |       ||     4
       Punch             |     1 |       ||     1
 Cast: Beastly Appendage |    11 |       ||    11
       Spider Form       |     2 |     4 ||     6
 Abil: End Transformatio |       |     1 ||     1
  Use: Potion            |     1 |     1 ||     2
 Stab: Sleeping          |     1 |     1 ||     2
  Eat: Chunk             |     1 |     4 ||     5
Armor: Skin              |    33 |     6 ||    39
Dodge: Dodged            |   105 |    26 ||   131

Table legend:
 A = Non-vault XP
 B = Vault XP
 C = Vault XP percentage of total XP
 D = Non-vault monster count
 E = Vault monster count
 F = Vault count percentage of total count
                 A         B        C        D         E       F
            +---------+---------+-------+---------+---------+-------
      Total |      87 |      36 |  29.3 |      43 |       1 |   2.3
            +---------+---------+-------+---------+---------+-------
        D:1 |      51 |       0 |   0.0 |      28 |       0 |   0.0
        D:2 |      12 |      36 |  75.0 |       8 |       1 |  11.1
        D:3 |      24 |       0 |   0.0 |       7 |       0 |   0.0
            +---------+---------+-------+---------+---------+-------
